 Dungeon Crawl Stone Soup version 0.18-a0-1300-g6e8322c (webtiles) character file.

327 st0uf the Insei (level 6, -5/53 HPs)
             Began as a Draconian Monk on Feb 11, 2016.
             Slain by Grinder (8 damage)
             ... on level 4 of the Dungeon.
             The game lasted 00:14:14 (3294 turns).

st0uf the Insei (Draconian Monk)                    Turns: 3294, Time: 00:14:14

Health: -5/53      AC:  6    Str: 14    XL:     6   Next: 24%
Magic:  6/6        EV: 14    Int: 11    God:
Gold:   202        SH:  0    Dex: 14    Spells: 0 memorised, 5 levels left

rFire  . . .     SeeInvis .       - Unarmed
rCold  . . .     Gourm    .     (armour unavailable)
rNeg   . . .     Faith    .     (no shield)
rPois  .         Spirit   .     (helmet restricted)
rElec  .         Dismiss  .     (no cloak)
rCorr  .         Reflect  .     (no gloves)
SustAt .         Harm     .     (no boots)
MR     .....                    i - amulet of rage
Stlth  ++........               (no ring)
                                (no ring)

@: not resistant to hostile enchantments, unstealthy
A: unfitting armour, cold-blooded, AC +6
a: Evoke Berserk Rage


You were on level 4 of the Dungeon.
You were not hungry.

You visited 1 branch of the dungeon, and saw 5 of its levels.

You collected 202 gold pieces.

Inventory:

Jewellery
 i - an amulet of rage (around neck)
 l - an uncursed amulet of dismissal {unknown}
Wands
 o - a wand of slowing (8/48)
Scrolls
 b - a scroll of remove curse
 j - a scroll of identify
 k - a scroll of teleportation
Potions
 c - 3 potions of lignification
 e - 3 potions of curing {unknown}
 f - 3 potions of heal wounds {unknown}
 h - a potion of degeneration {unknown}
Comestibles
 a - 4 bread rations
 d - a meat ration
 g - 2 beef jerkies
 p - 10 fruits
 q - 2 chunks of flesh


   Skills:
 + Level 4.4 Fighting
 + Level 4.4 Dodging
 + Level 2.2 Stealth
 + Level 5.6 Unarmed Combat


You had 5 spell levels left.
You didn't know any spells.

Dungeon Overview and Level Annotations

Branches:
Dungeon (5/15)
 Temple: D:4-7

Altars:

Annotations:
D:4 Eustachio, Grinder


Innate Abilities, Weirdness & Mutations

Your plain brown scales are hard (AC +6).
Your body does not fit into most forms of armour.
You are cold-blooded and may be slowed by cold attacks.


Message History

You are too injured to fight recklessly!
You hit Grinder but do no damage.
Grinder is moderately wounded.
Grinder gestures at you. Pain shoots through your body!
* * * LOW HITPOINT WARNING * * *
You closely miss Grinder.
Grinder is moderately wounded.
Grinder gestures at you. Pain shoots through your body!
* * * LOW HITPOINT WARNING * * *
Read which item? (? for menu, Esc to quit)
As you read the scroll labeled ROOXTIPNAN, it crumbles to dust.
You hear a loud clanging noise!
It was a scroll of noise.
Grinder misses you.
Read which item? (? for menu, Esc to quit)
As you read the scroll labeled PEMURREZIH, it crumbles to dust.
You feel aware of your surroundings.
It was a scroll of magic mapping.
Grinder hits you!
You die...

#.# #.# #.# #.#
######.## #.# #.#
#.......## #.#
#.###.##.)...### #.#
#..............# #.#
#####.#.#...##.####.#
#.#.#...........#
#.#.#...##.######
#....5@....#
######.##### #.# #.#
*** #.# **,**********
********* #.#
**,*,**,,,,,,,
*,,,,,,,**
#.#**,***,*,******
*,*,,,,,,* *#.#*,**
**,,**** * *,,,***,**
**..o,** **,,,,* *


You could see Grinder.

Vanquished Creatures
  A scorpion (D:4)
  A crimson imp (D:4)
  A hound (D:4)
  Ijyb (D:2)
  3 worker ants (D:4)
  A hound skeleton (D:4)
  3 adders
  4 worms
  3 orcs (D:4)
  2 giant cockroaches (D:1)
  16 goblins
  4 hobgoblins
  3 jackals (D:2)
  8 kobolds
  2 quokkas
  2 ball pythons
  4 bats
  2 giant newts
  4 rats
65 creatures vanquished.

Notes
Turn   | Place    | Note
--------------------------------------------------------------
     0 | D:1      | st0uf the Draconian Monk began the quest for the Orb.
     0 | D:1      | Reached XP level 1. HP: 19/19 MP: 1/1
   247 | D:1      | Reached XP level 2. HP: 20/26 MP: 2/2
   758 | D:2      | Reached XP level 3. HP: 31/31 MP: 3/3
  1807 | D:2      | Reached XP level 4. HP: 35/40 MP: 4/4
  1991 | D:2      | Noticed Ijyb
  2034 | D:2      | Killed Ijyb
  2034 | D:2      | Reached skill level 5 in Unarmed Combat
  2421 | D:5      | Entered Level 5 of the Dungeon
  2547 | D:4      | Reached XP level 5. HP: 43/46 MP: 5/5
  2773 | D:4      | Noticed Eustachio
  2776 | D:4      | Noticed Grinder
  3068 | D:4      | Reached XP level 6. HP: 49/53 MP: 6/6
  3292 | D:4      | HP: 2/53 [Grinder/nerve-wracking pain (9)]
  3294 | D:4      | Slain by Grinder

Vault maps used:
D:1:      minmay_arrival_semitransparent
D:2:      kennysheep_goblin_castle
D:3:      first_bread
D:4:      bh_chokoban, uniq_menkaure, uniq_grinder, uniq_eustachio
D:5:      grunt_pakellas_basics

Action                   |  1- 3 |  4- 6 || total
-------------------------+-------+-------++-------
Melee: Unarmed           |   165 |   191 ||   356
  Use: Scroll            |       |     5 ||     5
 Stab: Sleeping          |     9 |     1 ||    10
  Eat: Chunk             |     3 |     5 ||     8
